 Dungeon Crawl Stone Soup version 0.30.1-9-gdf580d7c3d (webtiles) character file.

Game seed: 12296943683327099020

53 daba11 the Covered (level 3, -1/33 HPs)
             Began as a Minotaur Fighter on Sept 30, 2023.
             Slain by Sigmund
             ... wielding a +0 scythe
              (8 damage)
             ... on level 3 of the Dungeon.
             The game lasted 00:02:42 (1351 turns).

daba11 the Covered (Minotaur Fighter)               Turns: 1351, Time: 00:02:43

Health: -1/33      AC: 10    Str: 22    XL:     3   Next: 62%
Magic:  2/2        EV:  9    Int:  5    God:
Gold:   138        SH:  0    Dex:  9    Spells: 2/2 levels left

rFire   . . .        a - +0 war axe
rCold   . . .        c - +0 buckler
rNeg    . . .        b - +0 scale mail
rPois   .            (helmet restricted)
rElec   .            (no cloak)
rCorr   .            (no gloves)
SInv    .            j - +2 pair of boots
Will    .....        (no amulet) Stlth
                     (no ring)
HPRegen 0.25/turn    (no ring)
MPRegen 0.08/turn

%: no passive effects
@: confused
A: horns 2, retaliatory headbutt
a: no special abilities


You were on level 3 of the Dungeon.
You visited 1 branch of the dungeon, and saw 3 of its levels.

You collected 138 gold pieces.

Inventory:

Hand Weapons
 a - a +0 war axe (weapon)
Armour
 b - a +0 scale mail (worn)
 c - a +0 buckler (worn)
 j - a +2 pair of boots (worn)
Scrolls
 f - 2 scrolls of immolation {unknown}
 h - a scroll of magic mapping {unknown}
 i - 2 scrolls of teleportation {unknown}
 k - 2 scrolls of identify {unknown}
 m - a scroll of blinking {unknown}
 n - a scroll of enchant armour {unknown}
Potions
 d - 2 potions of might
 e - 2 potions of attraction {unknown}
 g - a potion of cancellation {unknown}
 l - 3 potions of flight {unknown}


   Skills:
 + Level 4.0 Fighting
 + Level 3.5 Axes
 + Level 4.2 Armour
 + Level 4.1 Shields


You had 2 spell levels left.
You didn't know any spells.
Your spell library was empty.

Dungeon Overview and Level Annotations

Branches:
Dungeon (3/15)

Altars:

Annotations:
D:3 Sigmund


Innate Abilities, Weirdness & Mutations

You have a pair of horns on your head.
You reflexively headbutt those who attack you in melee.


Message History

A rat is nearby!
A rat is nearby!
You slash the rat!
You kill the rat!
No target in view!
No target in view!
You now have 138 gold pieces (gained 14).
Sigmund the Dreaded comes into view.
He is wielding a +0 scythe.
Sigmund shouts!
Sigmund is nearby!
Sigmund is nearby!
Sigmund gestures wildly while chanting.
Sigmund flickers and vanishes!
Deactivating autopickup; reactivate with Ctrl-A.
You hear a shout!
No target in view!
A kobold comes into view. It is wielding a +0 short sword.
The kobold shouts!
Something hits you but does no damage.
You hear some strange, mumbled words.
Something tries to affect you, but you resist.
Found a stone staircase leading down.
Something hits you.
You closely miss something. Something hits you.
You barely miss something. Your headbutt misses something.
You hear some strange, mumbled words.
You are confused.
You closely miss something. Something hits you.
You bump into the rock wall.
You hear some strange, mumbled words.
You are more confused.
Something hits you but does no damage. Something hits you!
You bump into the rock wall.
You bump into the rock wall.
Something hits you!
* * * LOW HITPOINT WARNING * * *
You completely miss something.
You hear some strange, mumbled words.
Something tries to affect you, but you resist.
You miss something. Something hits you!
You die...

.# #..###.# .#
#....#.# .# .
#.##.#.# .#
...#......####.
##
.................
.?.###...#####...
##...####
#.......#
#..#@##.# #..#{#
# #...K# # #.....
######## #.....
........ #......
.####### .....#.
.# ####.>#.# ##


You could see a kobold.

Vanquished Creatures
  2 adders (D:2)
  A worm (D:2)
  A dart slug (D:2)
  4 endoplasms
  A giant cockroach (D:1)
  3 goblins
  4 hobgoblins
  A quokka (D:1)
  A ball python (D:2)
  3 bats
  2 frilled lizards
  3 kobolds (D:1)
  4 rats
30 creatures vanquished.

Notes
Turn   | Place    | Note
-------+----------+-------------------------------------------
     0 | D:1      | daba11 the Minotaur Fighter began the quest for the Orb.
     0 | D:1      | Reached XP level 1. HP: 19/19 MP: 0/0
   145 | D:1      | Reached XP level 2. HP: 9/27 MP: 1/1
   791 | D:2      | Reached XP level 3. HP: 33/33 MP: 2/2
  1335 | D:3      | Noticed Sigmund
  1351 | D:3      | Slain by Sigmund

Illustrated notes

Levels and vault maps discovered:
D:1:      dpeg_arrival_boxorama, layout_rooms, minivault_26
D:2:      layout_loops_ring, ebering_dispersal_statue_hall
D:3:      layout_loops_cross, hellmonk_ecumenical_altar_watching_god,
          uniq_sigmund

Skill      XL: |  1  2 |
---------------+-------+-----
Armour         | 4 |  4.2
Shields        | 4 |  4.1
Fighting       | 4 |  4.0
Axes           | 3 |  3.5

Action                     || total
---------------------------++-------
  Melee: War axe           ||    64
         Headbutt          ||    13
 Armour: Scale mail        ||    37
  Dodge: Dodged            ||    22
  Block: Buckler           ||    10
